 Dungeon Crawl Stone Soup version 0.29-a0-96-g93358da72b (webtiles) character file.

Game seed: 9408523991784481644

11 innerfire433 the Skirmisher (level 2, 0/24 HPs)
             Began as a Demonspawn Monk on Feb 12, 2022.
             Was a Follower of Uskayaw.
             Slain by a kobold (3 damage)
             ... on level 1 of the Dungeon.
             The game lasted 00:00:44 (429 turns).

innerfire433 the Skirmisher (Demonspawn Monk)        Turns: 429, Time: 00:00:45

Health: 0/24       AC:  2    Str: 11    XL:     2   Next: 13%
Magic:  2/2        EV: 13    Int: 11    God:    Uskayaw [*.....]
Gold:   0          SH:  0    Dex: 15    Spells: 1/1 levels left

rFire   . . .      SeeInvis .   a - +0 mace
rCold   . . .      Faith    .   (no shield)
rNeg    . . .      Spirit   .   b - +0 robe
rPois   .          Reflect  .   (no helmet)
rElec   .          Harm     .   (no cloak)
rCorr   .          Rampage  .   (no gloves)
Will    .....                   (no boots)
Stlth   ++........              (no amulet)
HPRegen 0.08/turn               (no ring)
MPRegen 0.08/turn               (no ring)

@: no status effects
A: claws 1
a: Renounce Religion, Stomp


You were on level 1 of the Dungeon.
You worshipped Uskayaw.
Uskayaw was noncommittal.
You visited 1 branch of the dungeon, and saw 1 of its levels.

Inventory:

Hand Weapons
 a - a +0 mace (weapon)
Armour
 b - a +0 robe (worn)
Potions
 c - a potion of resistance {unknown}
 d - a potion of invisibility {unknown}


   Skills:
 + Level 3.1 Fighting
 * Level 3.0 Maces & Flails
 * Level 2.9 Dodging
 - Level 1.7 Stealth


You had one spell level left.
You didn't know any spells.
Your spell library was empty.

Dungeon Overview and Level Annotations

Branches:
Dungeon (1/15)

Altars:
Uskayaw


Innate Abilities, Weirdness & Mutations

You have sharp fingernails.


Message History

The jackal barely misses you. x3; The jackal misses you.
You hit the jackal.
The jackal is almost dead.
The jackal bites you but does no damage.
The jackal closely misses you.
The jackal bites you but does no damage.
You can now pass through a line of other dancers.
You hit the jackal.
You kill the jackal!
The jackal bites you but does no damage.
The jackal barely misses you.
You hit the jackal.
You kill the jackal!
A kobold comes into view. It is wielding a +0 short sword.
Your Maces & Flails skill increases to level 3!
You see here a jackal corpse.
The kobold hits you with a +0 short sword.
You barely miss the kobold.
The kobold hits you with a +0 short sword.
The kobold barely misses you.
You closely miss the kobold. The kobold misses you.
You closely miss the kobold.
The kobold hits you with a +0 short sword.
You closely miss the kobold. The kobold barely misses you.
You barely miss the kobold. The kobold misses you.
The kobold hits you with a +0 short sword.
You can no longer pass through a line of other dancers.
You are too injured to fight recklessly!
You are too injured to fight recklessly!
You are too injured to fight recklessly!
Okay, then.
You barely miss the kobold.
The kobold hits you with a +0 short sword.
You closely miss the kobold.
The kobold hits you with a +0 short sword.
* * * LOW HITPOINT WARNING * * *
You closely miss the kobold. The kobold barely misses you.
You barely miss the kobold.
The kobold hits you with a +0 short sword.
You die...

###### #....#
###....################
†.'....'...............
###....#####[#...####
#....# #.#...# #....#
#.#.††# ###....#
#.#..@# .......#
#.#..K# .......+
....... .......#
##.###### .......# #.
.......# # .......#
.......# ........


You could see a kobold.

Vanquished Creatures
  An endoplasm (D:1)
  2 goblins (D:1)
  3 jackals (D:1)
  A quokka (D:1)
  A bat (D:1)
  A rat (D:1)
9 creatures vanquished.

Notes
Turn   | Place    | Note
-------+----------+-------------------------------------------
     0 | D:1      | innerfire433 the Demonspawn Monk began the quest for the
                  | Orb.
     0 | D:1      | Reached XP level 1. HP: 18/18 MP: 1/1
    56 | D:1      | Found a faded altar of an unknown god.
    97 | D:1      | Prayed at the altar of an unknown god.
    97 | D:1      | Became a worshipper of Uskayaw the Reveller
    97 | D:1      | Reached * piety under Uskayaw
    97 | D:1      | Reached ** piety under Uskayaw
   414 | D:1      | Gained mutation: You have sharp fingernails. [demonic
                  | ancestry]
   414 | D:1      | Reached XP level 2. HP: 24/24 MP: 2/2
   429 | D:1      | Slain by a kobold

Illustrated notes

Levels and vault maps discovered:
D:1:      wander_arrival_peaceful_grave, layout_basic,
          ebering_ecumenical_altar_mist, minmay_misc_feat_cross

Skill      XL: |  1  2 |
---------------+-------+-----
Maces & Flails | 3 |  3.0
Fighting       | |  3.1
Dodging        | |  2.9
Stealth        | |  1.7

Action                   || total
-------------------------++-------
Melee: Mace              ||    31
 Stab: Sleeping          ||     1
Armor: Robe              ||     6
Dodge: Dodged            ||    25

Table legend: (Time is in decaauts)
 A = Elapsed time spent in this place.
 B = Non-inter-level travel time spent in this place.
 C = Inter-level travel time spent in this place.
 D = Time resting spent in this place.
 E = Time spent auto-exploring this place.
 F = Levels seen in this place.
 G = Mean time per level.
                   A        B        C        D        E       F      G
               +--------+--------+--------+--------+--------+-----+--------+
         Total |    436 |    436 |      0 |      0 |    343 |   1 |  436.0 |
       Dungeon |    436 |    436 |      0 |      0 |    343 |   1 |  436.0 |
               +--------+--------+--------+--------+--------+-----+--------+

Top non-repeatable levels by time:
     D:1: 436 daAuts
